 Dungeon Crawl Stone Soup version 0.32-a0-996-gb3226c233f (console) character file.

Game seed: 7026096374908653880

23 petzl the Sneak (level 3, 0/29 HPs)
             Began as a Formicid Delver on Apr 23, 2024.
             Slain by an orc
             ... wielding a +0 morningstar
              (8 damage)
             ... on level 4 of the Dungeon.
             The game lasted 00:01:53 (359 turns).

petzl the Sneak (Formicid Delver)                    Turns: 359, Time: 00:01:54

Health: 0/29       AC:  3    Str: 16    XL:     3   Next: 12%
Magic:  5/5        EV: 11    Int: 11    God:
Gold:   33         SH:  0    Dex: 15    Spells: 5/5 levels left

rFire   . . .        a - +0 mace
rCold   . . .        (no shield)
rNeg    . . .        b - +0 leather armour
rPois   .            (helmet unavailable)
rElec   .            (no cloak)
rCorr   .            (no gloves)
SInv    +            (no boots)
Will    .....        (no amulet)
Stlth   +++          (no ring)
HPRegen 0.24/turn    (no ring)
MPRegen 0.09/turn

%: no passive effects
@: no status effects
A: permanent stasis, dig shafts and tunnels, antennae 3, four strong arms
a: Dig, Shaft Self


You were on level 4 of the Dungeon.
You visited 1 branch of the dungeon, and saw 3 of its levels.

You collected 33 gold pieces.

Inventory:

Hand Weapons
 a - a +0 mace (weapon)
 g - a +0 rapier
Armour
 b - a +0 leather armour (worn)
Wands
 f - a wand of digging (3)
Scrolls
 c - a scroll of fog
 d - a scroll of revelation
 e - a scroll of fear


   Skills:
 - Level 3.4 Fighting
 - Level 2.2 Maces & Flails
 - Level 2.0 Dodging
 - Level 6.1 Stealth
 + Level 1.5 Spellcasting


You had 5 spell levels left.
You didn't know any spells.
Your spell library was empty.

Dungeon Overview and Level Annotations

Branches:
Dungeon (6/15)
 Temple: D:4-7

Altars:
Sif Muna


Innate Abilities, Weirdness & Mutations

You cannot be hasted, slowed, berserked, paralysed or teleported.
You can dig through walls and to a lower floor.
You have a pair of large antennae on your head. (SInv)
Your four strong arms can wield two-handed weapons with a shield.


Message History

You climb upwards.
The orc shouts!
There is a stone staircase leading down here.
Unknown command.
You hit the orc.
The orc is lightly wounded.
The orc barely misses you.
You barely miss the orc.
The orc is lightly wounded.
The orc barely misses you.
You hit the orc but do no damage.
The orc is lightly wounded.
The orc hits you with a +0 morningstar!
You hit the orc.
The orc is heavily wounded.
The orc hits you with a +0 morningstar!
* * * LOW HITPOINT WARNING * * *
The orc barely misses you.
Okay, then.
Unknown command.
Unknown command.
You hit the orc.
The orc is almost dead.
The orc barely misses you.
You hit the orc but do no damage.
The orc is almost dead.
The orc closely misses you.
You closely miss the orc.
The orc is almost dead.
The orc closely misses you. The orc barely misses you.
You hit the orc but do no damage.
The orc is severely wounded.
The orc completely misses you.
You hit the orc but do no damage.
The orc is severely wounded.
The orc closely misses you.
You closely miss the orc.
The orc is severely wounded.
The orc hits you with a +0 morningstar!
You die...

#....#.... ###
#.#..#...#
{..####.#...... .
...#........ .#
###.....#..##..#
...............
#.#.#.........
#............
#####.......#...
#.##..##>........
##).##..#...##...
###....$..## #.o
##....#....###..
##o.#.##.....#...
#@###.##.......#
### #o###{.o... .
#.#.{o...#...
##.#.#.....%..
#...#...o..#
##....##.#..#
#...## # ##### {


You could see an orc.

Vanquished Creatures
  2 adders
  2 orcs
  A quokka (D:4)
5 creatures vanquished.

Notes
Turn   | Place    | Note
-------+----------+-------------------------------------------
     0 | D:5      | petzl the Formicid Delver began the quest for the Orb.
     0 | D:5      | Reached XP level 1. HP: 18/18 MP: 1/1
    11 | D:5      | Reached XP level 2. HP: 21/24 MP: 2/2
   219 | D:4      | Reached skill level 1 in Spellcasting
   219 | D:4      | Reached XP level 3. HP: 21/29 MP: 2/4
   262 | D:5      | Found a shimmering blue altar of Sif Muna.
   359 | D:4      | Slain by an orc

Illustrated notes

Levels and vault maps discovered:
D:4:      layout_layer_cave, lemuel_flame_loot_1, uniq_edmund
D:5:      kennysheep_kobold_camp, layout_loops_corners,
          cheibrodos_ashenzari_chains, nicolae_sif_muna_condensation,
          serial_bayou_pond_b
D:6:      layout_rooms, temple_hall, serial_curves, eino_curves_04,
          eino_curves_04, eino_curves_02

Skill      XL: |  1  2 |
---------------+-------+-----
Dodging        | 2 |  2.0
Spellcasting   | 1 |  1.5
Fighting       | |  3.4
Maces & Flails | |  2.2
Stealth        | |  6.1

Action                     || total
---------------------------++-------
  Melee: Mace              ||    31
 Armour: Leather armour    ||    18
  Dodge: Dodged            ||    23

Table legend: (Time is in decaauts)
 A = Elapsed time spent in this place.
 B = Non-inter-level travel time spent in this place.
 C = Inter-level travel time spent in this place.
 D = Time resting spent in this place.
 E = Time spent auto-exploring this place.
 F = Levels seen in this place.
 G = Mean time per level.
                   A        B        C        D        E       F      G
               +--------+--------+--------+--------+--------+-----+--------+
         Total |    369 |    369 |      0 |     59 |    157 |   3 |  123.0 |
       Dungeon |    369 |    369 |      0 |     59 |    157 |   3 |  123.0 |
               +--------+--------+--------+--------+--------+-----+--------+

Top non-repeatable levels by time:
     D:5: 191 daAuts
     D:4: 174 daAuts
     D:6: 3 daAuts
